 Dungeon Sprint DCSS version 0.31-a0-963-ga325b2283a (webtiles) character file.

Game seed: 1635374835166833045

613 sircluck the Grappler (level 7, -2/80 HPs)
             Began as a Troll Berserker on Oct 24, 2023.
             Was a High Priest of Trog.
             Slain by a red devil
             ... wielding a +0 trident
              (23 damage)
             ... in the Dungeon (Sprint VII: "The Pits").
             The game lasted 00:00:30 (262 turns).

sircluck the Grappler (Troll Berserker)              Turns: 262, Time: 00:00:30

Health: -2/80      AC:  4    Str: 28    XL:     7   Next: 20%
Magic:  6/6        EV: 11    Int:  3    God:    Trog [*****.]
Gold:   0          SH:  0    Dex:  9    Spells: 6/6 levels left

rFire   . .          .
                       - Unarmed
rCold   . . .        (no shield)
rNeg    . . .        a - +0 animal skin
rPois   .            (helmet restricted)
rElec   .            (no cloak)
rCorr   .            (gloves unavailable)
SInv    .            (boots unavailable)
Will    .....        (no amulet)
Stlth   +            (no ring)
HPRegen 1.13/turn    (no ring)
MPRegen 0.10/turn

%: no teleportation
@: spiked
A: large, unfitting armour, claws 3, regeneration 1, shaggy fur 1, tough skin 1
a: Renounce Religion, Berserk, Trog's Hand, Brothers in Arms


You were in the Dungeon.
You worshipped Trog.
Trog was extremely pleased with you.
You visited 1 branch

Inventory:

Armour
 a - a +0 animal skin (worn)
Scrolls
 g - a scroll of blinking
 i - 2 scrolls of vulnerability
 j - a scroll of butterflies
Potions
 b - 6 potions of curing
 c - 6 potions of heal wounds
 d - a potion of haste
 e - 4 potions of magic
 f - 3 potions of berserk rage
 h - 2 potions of invisibility


   Skills:
 + Level 8.1 Fighting
 + Level 8.0 Dodging
 + Level 9.6 Unarmed Combat


You had 6 spell levels left.
You didn't know any spells.
Your spell library was empty.

Dungeon Overview and Level Annotations

Branches:
Dungeon (1/1)

Altars:
Ashenzari
Cheibriados
Dithmenos
Elyvilon
Fedhas
Gozag
Hepliaklqana
Kikubaaqudgha
Makhleb
Nemelex Xobeh
Okawaru
Qazlal
Ru
Sif Muna
Trog
Uskayaw
Vehumet
Wu Jian
Xom
Yredelemnul
Zin
The Shining One
Jiyva
Lugonu


Innate Abilities, Weirdness & Mutations

You are too large for most types of armour.
You have claws for hands.
Your natural rate of healing is unusually fast.
You are covered in fur. (AC +1)
You have tough skin. (AC +1)


Message History

You open the door.
An ogre comes into view. It is wielding a +0 giant spiked club.
The ogre shouts!
You claw the ogre!
The ogre is heavily wounded.
The ogre hits you with a +0 giant spiked club!
You barely miss the ogre.
The ogre is heavily wounded.
You mangle the ogre!!
You kill the ogre!
Trog accepts your kill.
Your Fighting skill increases to level 8!
Your Dodging skill increases to level 8!
There is an open door, spattered with blood here.
Things that are here:
a +0 giant spiked club; an ogre corpse You start resting.
HP restored.
You start waiting.
You feel less fragile.
You open the door.
A red devil comes into view. It is wielding a +0 trident.
The red devil hits you from afar with a +0 trident!
Barbed spikes become lodged in your body.
The barbed spikes dig painfully into your body as you move.
The red devil hits you with a +0 trident!
Barbed spikes become lodged in your body.
There is an open door, spattered with blood here.
You barely miss the red devil.
The red devil hits you with a +0 trident!!
Barbed spikes become lodged in your body.
You mangle the red devil!!
The red devil is heavily wounded.
The red devil hits you with a +0 trident!!
* * * LOW HITPOINT WARNING * * *
Barbed spikes become lodged in your body.
You barely miss the red devil.
The red devil is heavily wounded.
The red devil hits you with a +0 trident!!
You die...

#.#........##.......#
#.#........##.......#
#'###########.......#
#.......# #########
#..#.#..# #.##.##.#
#.......#+#
#.##.##.#4+
#..#.#..#@#
#.......).#
###########


You could see a red devil.

Vanquished Creatures
  2 glass eyes (D)
  Menkaure (D)
  An ogre (D)
  A gnoll (D)
  An adder (D)
  2 river rats (D)
  An orc (D)
  A bat skeleton (D)
  A giant cockroach (D)
  A hobgoblin (D)
  3 jackals (D)
  A ball python (D)
  A kobold (D)
17 creatures vanquished.

Notes
Turn   | Place    | Note
-------+----------+-------------------------------------------
     0 | D        | sircluck the Troll Berserker began the quest for the Orb.
     0 | D        | Reached XP level 1. HP: 22/22 MP: 0/0
    16 | D        | Reached XP level 2. HP: 27/31 MP: 1/1
    20 | D        | Found a bloodstained altar of Trog.
    20 | D        | Found a shimmering blue altar of Sif Muna.
    20 | D        | Found a viscous altar of Jiyva.
    20 | D        | Found a hazy altar of Hepliaklqana.
    20 | D        | Found an opulent altar of Gozag.
    21 | D        | Found a glowing golden altar of the Shining One.
    21 | D        | Found a glowing silver altar of Zin.
    21 | D        | Found a basalt altar of Yredelemnul.
    21 | D        | Found a shimmering altar of Xom.
    21 | D        | Found an ornate altar of the Wu Jian Council.
    21 | D        | Found a sacrificial altar of Ru.
    21 | D        | Found a stormy altar of Qazlal.
    21 | D        | Found an iron altar of Okawaru.
    21 | D        | Found a sparkling altar of Nemelex Xobeh.
    21 | D        | Found a burning altar of Makhleb.
    21 | D        | Found a blossoming altar of Fedhas.
    21 | D        | Found a white marble altar of Elyvilon.
    21 | D        | Found a shadowy altar of Dithmenos.
    21 | D        | Found a snail-covered altar of Cheibriados.
    23 | D        | Found a radiant altar of Vehumet.
    23 | D        | Found a corrupted altar of Lugonu.
    24 | D        | Found a hide-covered altar of Uskayaw.
    24 | D        | Found an ancient bone altar of Kikubaaqudgha.
    24 | D        | Found a broken altar of Ashenzari.
    58 | D        | Reached ** piety under Trog
    59 | D        | Reached skill level 4 in Unarmed Combat
    65 | D        | Noticed a glass eye
    77 | D        | Killed a glass eye
    78 | D        | Reached skill level 7 in Unarmed Combat
    78 | D        | Reached XP level 3. HP: 44/44 MP: 2/2
    78 | D        | Reached XP level 4. HP: 52/52 MP: 3/3
    78 | D        | Reached XP level 5. HP: 59/59 MP: 4/4
    81 | D        | Reached *** piety under Trog
   144 | D        | Reached **** piety under Trog
   178 | D        | Noticed a glass eye
   179 | D        | Noticed Menkaure
   205 | D        | Killed a glass eye
   206 | D        | Reached skill level 8 in Unarmed Combat
   206 | D        | Reached XP level 6. HP: 71/71 MP: 5/5
   206 | D        | Killed Menkaure
   206 | D        | Reached ***** piety under Trog
   207 | D        | Reached skill level 9 in Unarmed Combat
   207 | D        | Reached XP level 7. HP: 79/79 MP: 6/6
   258 | D        | Noticed a red devil
   262 | D        | Slain by a red devil

Illustrated notes

Levels and vault maps discovered:
D:        pitsprint [storerooms_1, entrance_room_1, metal_vault_2, armoury_2,
          mini_pit_1, grid_room_1, main_hall_1, silver_pit, the_coven_3,
          the_vestibule_1, steel_vault_3, golden_pit, hallway_of_sentries,
          crystal_vault_4, iron_vault_3, final_vault]

Skill      XL: |  1  2  3  4  5  6  7 |
---------------+----------------------+-----
Fighting       | 3 6 7 8 |  8.1
Dodging        | 3 6 7 8 |  8.0
Unarmed Combat | 7 8 9 |  9.6

Action                     |  1- 3 |  4- 6 |  7- 9 || total
---------------------------+-------+-------+-------++-------
  Melee: Unarmed           |    18 |    23 |    13 ||    54
         Punch             |     1 |     2 |       ||     3
 Armour: Animal skin       |     5 |     4 |     7 ||    16
  Dodge: Dodged            |     1 |     4 |     4 ||     9

Table legend: (Time is in decaauts)
 A = Elapsed time spent in this place.
 B = Non-inter-level travel time spent in this place.
 C = Inter-level travel time spent in this place.
 D = Time resting spent in this place.
 E = Time spent auto-exploring this place.
 F = Levels seen in this place.
 G = Mean time per level.
                   A        B        C        D        E       F      G
               +--------+--------+--------+--------+--------+-----+--------+
         Total |    255 |    255 |      0 |     18 |     66 |   1 |  255.0 |
       Dungeon |    255 |    255 |      0 |     18 |     66 |   1 |  255.0 |
               +--------+--------+--------+--------+--------+-----+--------+

Top non-repeatable levels by time:
       D: 255 daAuts
